[Event "Team 45 45 League T71"]
[Site "Internet Chess Club"]
[Date "2016.12.18"]
[Round "2"]
[White "achessman"]
[Black "cysk"]
[Result "1-0"]
[WhiteElo "1902"]
[BlackElo "1752"]
[Opening "English: symmetrical variation"]
[ECO "A30"]
[Time "22:05:22"]
[TimeControl "2700+45"]

1. c4 c5 2. g3 g6 3. Bg2 Bg7 4. Nf3 Nf6 5. d4 cxd4 6. Nxd4 O-O 7. O-O Nc6 8. Nc3
Nxd4 9. Qxd4 d6 10. Rb1 Bf5 11. Ra1 Ne4 12. Qe3 Nc5 13. Bd2 Rb8 14. b4 Nd7 15.
Rac1 b6 16. Nb5 a6 17. Nd4 Ne5 18. Nxf5 gxf5 19. Rfd1 Qc7 20. c5 bxc5 21. bxc5
dxc5 22. Rxc5 Qd6 23. Rd5 Qe6 24. Bc3 Nc4 25. Qg5 Qg6 26. Qc1 Nd6 27. Bxg7 Qxg7
28. Bh3 Nb5 29. R5d3 Rbc8 30. Qe3 e6 31. Qb6 Nc7 32. Bg2 Nd5 33. Bxd5 exd5 34.
Rxd5 Qg6 35. Rd6 Qg4 36. R1d2 Qe4 37. f3 {Black resigns} 1-0

[Event "Team 45 45 League T71"]
[Site "Internet Chess Club"]
[Date "2016.12.17"]
[Round "2"]
[White "qs16"]
[Black "WillC"]
[Result "0-1"]
[WhiteElo "1560"]
[BlackElo "1698"]
[Opening "Queen's pawn game"]
[ECO "D00"]
[Time "13:02:54"]
[TimeControl "2700+45"]

1. d4 d5 2. e3 Nf6 3. f4 e6 4. Nf3 Be7 5. Bd3 b6 6. O-O Ba6 7. Qe2 Bxd3 8. Qxd3
O-O 9. Nbd2 Nbd7 10. b3 c5 11. Bb2 Rc8 12. c4 dxc4 13. Nxc4 Nd5 14. Nfe5 f6 15.
Nxd7 Qxd7 16. a3 Rfd8 17. Rad1 Qc7 18. e4 Nxf4 19. Qf3 Ng6 20. e5 cxd4 21. Bxd4
Rxd4 22. Nd6 Nxe5 23. Qh3 Rxd1 24. Qxe6+ Kh8 25. Rxd1 Bxd6 26. Rxd6 Qc1+ 27. Kf2
Rc2+ 28. Kg3 Qg5+ 29. Kh3 Qxg2+ 30. Kh4 Qg5+ {White resigns} 0-1

[Event "Team 45 45 League T71"]
[Site "Internet Chess Club"]
[Date "2016.12.27"]
[Round "2"]
[White "Konstantinos"]
[Black "AVEMARIA"]
[Result "1-0"]
[WhiteElo "1675"]
[BlackElo "1683"]
[Opening "QGD semi-Slav: 5...Nd7"]
[ECO "D45"]
[Time "14:30:35"]
[TimeControl "2700+45"]

1. d4 d5 2. c4 c6 3. e3 Nf6 4. Nc3 e6 5. Nf3 Nbd7 6. Be2 Be7 7. O-O dxc4 8. Bxc4
O-O 9. Re1 b5 10. Be2 Bb7 11. Bd2 a6 12. a3 c5 13. dxc5 Nxc5 14. Nd4 Rc8 15. Rc1
Re8 16. b4 Nce4 17. Bf3 Qb6 18. Bxe4 Nxe4 19. Nxe4 Bxe4 20. Bc3 Bf6 21. Ne2 Red8
22. Bxf6 Rxd1 23. Rxc8+ {Black resigns} 1-0

[Event "Team 45 45 League T71"]
[Site "Internet Chess Club"]
[Date "2016.12.20"]
[Round "2"]
[White "MikeTtheGuru"]
[Black "JasonModer"]
[Result "0-1"]
[WhiteElo "1968"]
[BlackElo "2014"]
[Opening "English: Sicilian reversed"]
[ECO "A25"]
[Time "15:30:32"]
[TimeControl "2700+45"]

1. c4 e5 2. Nc3 Nc6 3. g3 Bc5 4. Bg2 a6 5. e3 d6 6. Nge2 Ba7 7. d4 exd4 8. Nxd4
Nxd4 9. exd4 Ne7 10. O-O O-O 11. Bg5 f6 12. Be3 Nf5 13. Qd3 Nxe3 14. fxe3 g6 15.
e4 c6 16. Kh1 Qb6 17. Ne2 Be6 18. d5 cxd5 19. exd5 Bf5 20. Qc3 Rae8 21. Rae1 Re3
22. Qd2 Bd3 23. b3 Rfe8 24. Rf2 Rxe2 25. Rfxe2 Rxe2 {White resigns} 0-1

[Event "Team 45 45 League T71"]
[Site "Internet Chess Club"]
[Date "2016.12.18"]
[Round "2"]
[White "IshanR"]
[Black "jjimalo"]
[Result "1/2-1/2"]
[WhiteElo "1888"]
[BlackElo "1800"]
[Opening "Sicilian: Smith-Morra gambit"]
[ECO "B21"]
[Time "03:19:32"]
[TimeControl "2700+45"]

1. e4 c5 2. d4 cxd4 3. c3 Nf6 4. e5 Nd5 5. Nf3 Nc6 6. Bc4 Nb6 7. Bb3 e6 8. O-O
d6 9. Bg5 Be7 10. Bxe7 Qxe7 11. exd6 Qxd6 12. cxd4 O-O 13. Nc3 Nb4 14. Qe2 Bd7
15. Ne5 Bc6 16. Rad1 Rac8 17. Rfe1 a6 18. Qh5 Nd7 19. a3 Nd5 20. Ne4 Qe7 21. Ng5
h6 22. Ne4 N5f6 23. Nxc6 Rxc6 24. Qf3 Nxe4 25. Rxe4 Nf6 26. Ree1 Rd8 27. d5 Nxd5
28. Bxd5 Rxd5 29. Rxd5 exd5 30. Rd1 Qe5 31. g3 d4 32. Kg2 Rc7 33. Qg4 Rc2 34.
Rxd4 Rxb2 35. h4 Qf6 36. Qc8+ Kh7 37. Rf4 Qe6 38. Qxe6 fxe6 39. Re4 Ra2 40. Rxe6
Rxa3 41. Rb6 {Game drawn by mutual agreement} 1/2-1/2

[Event "Team 45 45 League T71"]
[Site "Internet Chess Club"]
[Date "2016.12.19"]
[Round "2"]
[White "elmaestro"]
[Black "anna"]
[Result "0-1"]
[WhiteElo "1714"]
[BlackElo "1823"]
[Opening "KGD: classical variation"]
[ECO "C30"]
[Time "16:38:25"]
[TimeControl "2700+45"]

1. e4 e5 2. f4 Bc5 3. Nf3 d6 4. f5 Nf6 5. Nc3 Nc6 6. Bc4 h6 7. a3 a6 8. Qe2 Bd7
9. d3 Qe7 10. Be3 Nd4 11. Bxd4 exd4 12. Nd5 Nxd5 13. Bxd5 O-O-O 14. b4 Bb6 15.
a4 Kb8 16. a5 Ba7 17. O-O-O Bxf5 18. Qf2 Be6 19. Nxd4 Bxd5 20. exd5 Qg5+ 21. Kb1
Qxd5 22. c3 Bxd4 23. Qxd4 Qxd4 24. cxd4 Rde8 25. Rhf1 f6 26. Rde1 Kc8 27. Kc2
Kd7 28. Kd2 Rxe1 29. Rxe1 Re8 30. Rc1 d5 31. Rc5 c6 32. Rc1 Kd6 33. Rf1 Re6 34.
g4 Ke7 35. Rf3 Kf7 36. Rf5 Re8 37. Rf3 g5 38. Rh3 Rh8 39. Ke2 h5 40. gxh5 f5 41.
Kf2 g4 42. Re3 Rxh5 43. Kg2 Rh8 44. h3 Rxh3 45. Rxh3 gxh3+ 46. Kxh3 Kg6 47. Kg2
Kg5 48. Kg3 f4+ 49. Kh3 Kh5 50. Kh2 Kg4 51. Kg2 f3+ 52. Kf1 Kf5 53. Kg1 Kg5 54.
Kf1 Kg4 55. Kg1 Kg3 56. Kf1 f2 57. Ke2 Kg2 {White resigns} 0-1

[Event "Team 45 45 League T71"]
[Site "Internet Chess Club"]
[Date "2016.12.20"]
[Round "2"]
[White "Elton2013"]
[Black "pishd"]
[Result "1-0"]
[WhiteElo "1803"]
[BlackElo "1745"]
[Opening "QGD: 4.Bg5"]
[ECO "D43"]
[Time "10:10:09"]
[TimeControl "2700+45"]

1. d4 Nf6 2. c4 e6 3. Nc3 d5 4. Bg5 c6 5. Nf3 Nbd7 6. cxd5 exd5 7. e3 Be7 8. Bd3
O-O 9. O-O Re8 10. Qc2 Nf8 11. h3 Ng6 12. Ne5 Nd7 13. Bxe7 Qxe7 14. f4 Ngf8 15.
e4 Nf6 16. exd5 Nxd5 17. Rae1 Qd6 18. Ne4 Qb4 19. Ng5 Qxd4+ 20. Kh1 g6 21. Nef3
Qxf4 22. Rxe8 Ne3 23. Qc5 {Black resigns} 1-0

[Event "Team 45 45 League T71"]
[Site "Internet Chess Club"]
[Date "2016.12.17"]
[Round "2"]
[White "SlimeDog2"]
[Black "Pomberito"]
[Result "1/2-1/2"]
[WhiteElo "2035"]
[BlackElo "2082"]
[Opening "QGD: Charousek (Petrosian) variation"]
[ECO "D31"]
[Time "16:06:58"]
[TimeControl "2700+45"]

1. d4 d5 2. c4 e6 3. Nc3 Be7 4. cxd5 exd5 5. Bf4 c6 6. e3 Bf5 7. Nge2 Nf6 8. Ng3
Bg6 9. h4 h5 10. Be2 Nbd7 11. Bf3 Nf8 12. Bg5 Ne6 13. Bxf6 Bxf6 14. Nxh5 Bxh4
15. g3 Bxh5 16. Rxh4 g6 17. Bxh5 gxh5 18. Rxh5 Rxh5 19. Qxh5 Qf6 20. Rc1 O-O-O
21. Nxd5 Qg7 22. Ke2 Kb8 23. Nf4 Nxf4+ 24. gxf4 Rd5 25. Qh4 a6 26. Kf3 Ka7 27.
Qg4 Qh7 28. Rc5 Qh1+ 29. Kg3 Qg1+ 30. Kf3 Qd1+ 31. Kg3 Qg1+ 32. Kh3 Qh1+ {Game
drawn by mutual agreement} 1/2-1/2

[Event "Team 45 45 League T71"]
[Site "Internet Chess Club"]
[Date "2016.12.16"]
[Round "2"]
[White "f5"]
[Black "searchforbobby1"]
[Result "0-1"]
[WhiteElo "2052"]
[BlackElo "2011"]
[Opening "Neo-Grünfeld, 6.O-O"]
[ECO "D77"]
[Time "22:45:42"]
[TimeControl "2700+45"]

1. d4 Nf6 2. Nf3 g6 3. g3 Bg7 4. Bg2 O-O 5. O-O d5 6. c4 dxc4 7. Na3 c3 8. bxc3
c5 9. e3 Nc6 10. Rb1 Nd5 11. Qd2 Qa5 12. Rb5 Qxc3 13. Rxc5 Qxd2 14. Bxd2 Nb6 15.
Rfc1 Be6 16. Ne5 Nxe5 17. dxe5 Nd7 18. R5c2 Nxe5 19. Nb5 Nd3 20. Rd1 Rac8 21.
Bc3 Bxc3 22. Rxc3 Rxc3 23. Nxc3 Nc5 24. Nb5 a6 25. Rc1 b6 26. Nd4 Bxa2 27. Rc2
Be6 28. Nc6 Re8 29. Rb2 b5 30. Rc2 Na4 31. Nb4 Rd8 32. Bf3 Rd6 33. Rc7 Kf8 34.
Ra7 Nc5 35. Nc6 Rxc6 36. Bxc6 b4 37. Ra8+ Kg7 38. Rb8 b3 39. Kf1 a5 40. Ke2 a4
41. Kd2 a3 42. Kc3 b2 43. f3 Bb3 44. Rxb3 Nxb3 45. Kc2 Nd2 {White resigns} 0-1

[Event "Team 45 45 League T71"]
[Site "Internet Chess Club"]
[Date "2016.12.16"]
[Round "2"]
[White "ArturitoGalacti"]
[Black "primerpaso"]
[Result "1-0"]
[WhiteElo "1858"]
[BlackElo "1803"]
[Opening "English: Mikenas-Carls, Flohr variation"]
[ECO "A18"]
[Time "20:02:25"]
[TimeControl "2700+45"]

1. c4 Nf6 2. Nc3 e6 3. e4 d5 4. e5 d4 5. exf6 dxc3 6. bxc3 gxf6 7. d4 Nd7 8. Nf3
b6 9. Bd3 Bb7 10. Qe2 h5 11. Be4 c6 12. a4 Qc7 13. a5 O-O-O 14. axb6 axb6 15.
O-O Bh6 16. Be3 f5 17. Bd3 c5 18. dxc5 Nxc5 19. Bxc5 Qxc5 20. Rfb1 Rhg8 21. Rb5
Qc6 22. Kf1 Bf8 23. c5 Bxc5 24. Rb2 Qd6 25. Ba6 Rd7 26. Bxb7+ Rxb7 27. Ra8+ Rb8
28. Qa6+ Kd7 29. Qa7+ Qc7 30. Rd2+ Bd6 31. Ne5+ Kc8 32. Rxb8+ Qxb8 33. Qd7#
{Black checkmated} 1-0

[Event "Team 45 45 League T71"]
[Site "Internet Chess Club"]
[Date "2016.12.15"]
[Round "2"]
[White "QuieroAprender"]
[Black "ChessHouston"]
[Result "0-1"]
[WhiteElo "1630"]
[BlackElo "1942"]
[Opening "Pirc defense"]
[ECO "B07"]
[Time "21:22:29"]
[TimeControl "2700+45"]

1. e4 d6 2. d4 Nf6 3. Bd3 g6 4. Ne2 Bg7 5. O-O O-O 6. h3 Nc6 7. Be3 Re8 8. a3 a6
9. Nd2 e5 10. c3 Nh5 11. d5 Nb8 12. Ng3 Nf4 13. Bxf4 exf4 14. Ne2 Bh6 15. Nf3
Nd7 16. Ned4 Ne5 17. Qc2 g5 18. Nxe5 dxe5 19. Nf5 Bxf5 20. exf5 Qxd5 21. Be4 Qb5
22. Rfd1 Rad8 23. Rd2 Bf8 24. Rad1 Rxd2 25. Rxd2 Bd6 26. f6 h6 27. Bd5 e4 28.
Bxe4 Qe5 29. Bxb7 f3 30. g3 Qe1+ 31. Kh2 Qf1 32. Bxf3 Re1 33. h4 g4 {White
resigns} 0-1

[Event "Team 45 45 League T71"]
[Site "Internet Chess Club"]
[Date "2016.12.15"]
[Round "2"]
[White "Agarnez"]
[Black "chesswooog"]
[Result "0-1"]
[WhiteElo "1974"]
[BlackElo "2034"]
[Opening "Nimzo-Indian: 4.e3 O-O, 5.Bd3"]
[ECO "E47"]
[Time "20:05:22"]
[TimeControl "2700+45"]

1. d4 Nf6 2. c4 e6 3. Nc3 Bb4 4. e3 O-O 5. Bd3 b6 6. Ne2 Bb7 7. O-O d5 8. cxd5
exd5 9. Qc2 Re8 10. a3 Bf8 11. Bd2 Nbd7 12. b4 c5 13. bxc5 bxc5 14. dxc5 Nxc5
15. Bb5 Re7 16. Nd4 Rc8 17. Qf5 Nce4 18. Nxe4 Nxe4 19. Bb4 Nd6 20. Qh3 g6 21.
Rac1 Rxc1 22. Rxc1 Rc7 23. Rd1 Nc4 24. Bxc4 Bxb4 25. Bb3 Bxa3 26. Nb5 Rc5 27.
Nxa3 Rc3 28. Rb1 Qc7 29. Qg4 Rxb3 {White resigns} 0-1

[Event "Team 45 45 League T71"]
[Site "Internet Chess Club"]
[Date "2016.12.18"]
[Round "2"]
[White "room-matt"]
[Black "Bluecat"]
[Result "0-1"]
[WhiteElo "1887"]
[BlackElo "1884"]
[Opening "Richter-Veresov attack"]
[ECO "D01"]
[Time "14:02:43"]
[TimeControl "2700+45"]

1. d4 d5 2. Nc3 Nf6 3. Bg5 Ne4 4. Nxe4 dxe4 5. e3 Bf5 6. Bc4 Qd6 7. Qe2 Nd7 8.
O-O-O Qg6 9. f4 h6 10. g4 hxg5 11. gxf5 Qxf5 12. fxg5 Qxg5 13. Rf1 e6 14. Rf4
Nf6 15. Qd2 Bd6 16. Rf2 O-O-O 17. Ne2 c5 18. Kb1 Nd5 19. Bxd5 Qxd5 20. Rxf7 e5
21. Rxg7 exd4 22. exd4 cxd4 23. Nxd4 Be5 24. Qc3+ Kb8 25. Re7 e3 26. Rd1 e2 27.
Nc6+ bxc6 28. Qb4+ Qb5 29. Qxb5+ cxb5 30. Rc1 Bf4 31. Rxe2 Bxc1 32. Kxc1 Rh3 33.
c3 Rdh8 34. Re5 a6 35. Kc2 Rxh2+ 36. Kb3 Rd8 {White resigns} 0-1

[Event "Team 45 45 League T71"]
[Site "Internet Chess Club"]
[Date "2016.12.19"]
[Round "2"]
[White "Grann"]
[Black "fishhead"]
[Result "1-0"]
[WhiteElo "1915"]
[BlackElo "1680"]
[Opening "Sicilian: Najdorf, Byrne (English) attack"]
[ECO "B90"]
[Time "11:00:34"]
[TimeControl "2700+45"]

1. e4 c5 2. Nf3 d6 3. d4 cxd4 4. Nxd4 Nf6 5. Nc3 a6 6. Be3 e5 7. Nb3 Be7 8. f3
Be6 9. Qd2 Nbd7 10. O-O-O b5 11. g4 b4 12. Nd5 Bxd5 13. exd5 a5 14. Bb5 O-O 15.
Bc6 Rc8 16. Kb1 Qc7 17. h4 Nb8 18. Bb5 Nfd7 19. h5 Rfd8 20. g5 f5 21. gxf6 Bxf6
22. Rhg1 Kh8 23. Qd3 Nf8 24. Qf5 Nbd7 25. Nd2 Nc5 26. h6 Qe7 27. hxg7+ Bxg7 28.
Bg5 Qc7 29. Bf6 {Black resigns} 1-0

[Event "Team 45 45 League T71"]
[Site "Internet Chess Club"]
[Date "2016.12.18"]
[Round "2"]
[White "zap2"]
[Black "roji"]
[Result "1-0"]
[WhiteElo "1762"]
[BlackElo "1896"]
[Opening "Nimzovich-Larsen attack: classical variation"]
[ECO "A01"]
[Time "09:08:37"]
[TimeControl "2700+45"]

1. b3 d5 2. Bb2 c5 3. e3 Nc6 4. Bb5 a6 5. Bxc6+ bxc6 6. Nf3 Nf6 7. d3 Bg4 8.
Nbd2 e6 9. O-O Bd6 10. h3 Bh5 11. Re1 O-O 12. e4 Bf4 13. e5 Nd7 14. g4 Bg6 15.
Qe2 Rb8 16. Nf1 Nb6 17. Ne3 Na4 18. Ng2 Bg5 19. h4 Nxb2 20. Nxg5 c4 21. dxc4
dxc4 22. Nf4 Qa5 23. Nxg6 hxg6 24. h5 gxh5 25. gxh5 Qd5 26. Rab1 f6 27. Nh3 c3
28. Qg4 f5 29. Qg3 Rb4 30. Nf4 Qd7 31. h6 Rf7 32. Kg2 Qd2 33. h7+ Kxh7 34. Rh1+
Kg8 35. Ng6 Qd5+ 36. Kg1 Qxh1+ 37. Kxh1 Na4 38. Qh3 Rd7 39. Qh8+ Kf7 40. Rg1 Rg4
41. Rxg4 fxg4 42. bxa4 Kxg6 43. Qe8+ {Black resigns} 1-0

[Event "Team 45 45 League T71"]
[Site "Internet Chess Club"]
[Date "2016.12.16"]
[Round "2"]
[White "Littlemon"]
[Black "Capt-Morgan"]
[Result "0-1"]
[WhiteElo "1578"]
[BlackElo "1850"]
[Opening "Grünfeld: modern exchange variation"]
[ECO "D85"]
[Time "18:00:15"]
[TimeControl "2700+45"]

1. d4 Nf6 2. c4 g6 3. Nc3 d5 4. cxd5 Nxd5 5. e4 Nxc3 6. bxc3 Bg7 7. Nf3 c5 8.
Be3 Qa5 9. Qb3 O-O 10. Bc4 cxd4 11. Bxd4 Bg4 12. Bxg7 Kxg7 13. Be2 Nd7 14. O-O
Nc5 15. Qc2 Qa4 16. Qxa4 Nxa4 17. Rfc1 Rac8 18. Nd4 Bxe2 19. Nxe2 Rfd8 20. Rc2
Rd3 21. Rac1 e5 22. f3 Rd7 23. Kf2 Nc5 24. Ke3 Rd3+ 25. Kf2 Rd7 26. Ke3 f5 27.
exf5 gxf5 28. f4 Nd3 29. Rf1 exf4+ 30. Nxf4 Re8+ 31. Kf3 Ne1+ 32. Rxe1 Rxe1 33.
Kf2 Re4 34. Ne2 Rc4 35. Ke3 Re4+ 36. Kf3 Rd3+ 37. Kf2 Rc4 38. h3 b5 39. a3 a6
40. Ra2 Kf6 41. Rc2 h5 42. g3 h4 43. gxh4 Rxh3 44. Ng3 Rh2+ {White resigns} 0-1

[Event "Team 45 45 League T71"]
[Site "Internet Chess Club"]
[Date "2016.12.17"]
[Round "2"]
[White "Portola"]
[Black "EFXBT"]
[Result "1-0"]
[WhiteElo "1718"]
[BlackElo "1482"]
[Opening "Queen's pawn game"]
[ECO "D02"]
[Time "19:03:32"]
[TimeControl "2700+45"]

1. d4 d5 2. Nf3 Bf5 3. Bf4 Nf6 4. e3 Nc6 5. c3 e6 6. Nbd2 Be7 7. h3 h6 8. Be2
O-O 9. O-O Bd6 10. Ne5 Ne4 11. Bh2 f6 12. Nef3 Bxh2+ 13. Kxh2 g5 14. Nxe4 dxe4
15. Nd2 Bg6 16. Bh5 Qe8 17. Bxg6 Qxg6 18. Qb3 b6 19. Qxe6+ Kh8 20. Qxc6 f5 21.
Qxg6 Rae8 22. Qxh6+ Kg8 23. Qxg5+ {Black resigns} 1-0

[Event "Team 45 45 League T71"]
[Site "Internet Chess Club"]
[Date "2016.12.19"]
[Round "2"]
[White "MasterD"]
[Black "rubo"]
[Result "0-1"]
[WhiteElo "1497"]
[BlackElo "1662"]
[Opening "Caro-Kann: classical, Spassky variation"]
[ECO "B18"]
[Time "17:07:14"]
[TimeControl "2700+45"]

1. e4 c6 2. d4 d5 3. Nc3 dxe4 4. Nxe4 Bf5 5. Ng3 Bg6 6. Nf3 Nd7 7. h4 h6 8. h5
Bh7 9. Bd3 Bxd3 10. Qxd3 Ngf6 11. Bf4 e6 12. O-O-O Be7 13. Rhe1 Qa5 14. Kb1 Nd5
15. Bd2 Qc7 16. c4 Nf4 17. Bxf4 Qxf4 18. Ne4 Nf6 19. Ne5 Nxe4 20. Qxe4 Qxe4+ 21.
Rxe4 Bf6 22. Ng4 O-O-O 23. Nxf6 gxf6 24. g4 Rhg8 25. Rde1 Rg5 26. f3 f5 27. gxf5
Rxf5 28. Rh1 Rxf3 29. Rg4 Kd7 30. Rhh4 Ke7 31. Rg7 c5 32. dxc5 Rd2 33. Rh3 Rf1#
{White checkmated} 0-1

[Event "Team 45 45 League T71"]
[Site "Internet Chess Club"]
[Date "2016.12.18"]
[Round "2"]
[White "g8wrb"]
[Black "Rushu2009"]
[Result "0-1"]
[WhiteElo "1276"]
[BlackElo "1280"]
[Opening "Ruy Lopez: Berlin defense, 4.O-O, d6"]
[ECO "C66"]
[Time "15:00:28"]
[TimeControl "2700+45"]

1. e4 e5 2. Nf3 Nc6 3. Bb5 d6 4. O-O Nf6 5. Qe2 Be7 6. c3 O-O 7. Rd1 a6 8. Ba4
b5 9. Bb3 Na5 10. Bc2 Bg4 11. d4 exd4 12. cxd4 d5 13. e5 Nd7 14. h3 Bh5 15. Nc3
Re8 16. Nxd5 Bd6 17. Nf4 Bxf3 18. Qxf3 Bf8 19. Bd2 Nc4 20. b3 Nxd2 21. Rxd2 c5
22. Qe4 g6 23. Qd5 Bh6 24. dxc5 Bxf4 25. Qxd7 Bxd2 26. c6 Rxe5 27. Rd1 Re1+ 28.
Rxe1 Bxe1 29. Qb7 Qc8 30. Be4 Qxb7 31. cxb7 Rb8 32. Kf1 f5 33. Bd5+ Kg7 34. Kxe1
Rd8 35. f4 Kf6 36. Kf2 Ke7 37. a4 b4 38. Ke3 Kd6 39. Bc4 a5 40. Be2 Kc7 41. Bf3
Re8+ 42. Kd4 h5 43. Kc5 Re3 44. Kb5 Rxb3 45. Kxa5 Rxf3 46. gxf3 b3 47. Ka6 b2
48. Ka7 b1=Q 49. a5 Qxb7# {White checkmated} 0-1

[Event "Team 45 45 League T71"]
[Site "Internet Chess Club"]
[Date "2016.12.18"]
[Round "2"]
[White "Packerfan"]
[Black "kwen2008"]
[Result "1/2-1/2"]
[WhiteElo "1667"]
[BlackElo "1542"]
[Opening "Evans gambit"]
[ECO "C51"]
[Time "16:45:32"]
[TimeControl "2700+45"]

1. e4 e5 2. Nf3 Nc6 3. Bc4 Bc5 4. b4 Bxb4 5. c3 Bc5 6. d4 exd4 7. O-O dxc3 8.
Bxf7+ Kxf7 9. Qd5+ Ke8 10. Qxc5 d6 11. Qxc3 Nf6 12. Bg5 Rf8 13. Nbd2 Kf7 14.
Qb3+ Ke8 15. Rad1 Qe7 16. Rfe1 Qe6 17. Qb2 Kf7 18. e5 dxe5 19. Nxe5+ Nxe5 20.
Rxe5 Qa6 21. Rde1 Kg8 22. Qb3+ Kh8 23. Qf7 Bd7 24. Qb3 h6 25. Bxf6 Qxf6 26. f3
Qb6+ 27. Qxb6 axb6 28. Re7 Rfe8 29. Kf2 Rxe7 30. Rxe7 Rd8 31. Nc4 Bb5 32. Rxc7
Bxc4 33. Rxc4 Rd2+ 34. Kg3 Rxa2 35. Rb4 Ra6 36. h4 Kg8 37. Kf4 Kf7 38. h5 Kf6
39. g4 {Game drawn by mutual agreement} 1/2-1/2

[Event "Team 45 45 League T71"]
[Site "Internet Chess Club"]
[Date "2016.12.19"]
[Round "2"]
[White "clarinetref"]
[Black "dinosaurchess"]
[Result "1-0"]
[WhiteElo "1587"]
[BlackElo "1340"]
[Opening "Scotch: Potter variation"]
[ECO "C45"]
[Time "21:06:21"]
[TimeControl "2700+45"]

1. e4 e5 2. Nf3 Nc6 3. d4 exd4 4. Nxd4 Bc5 5. Nb3 Bb6 6. Nc3 Nf6 7. Bg5 h6 8.
Bh4 O-O 9. Qd2 Re8 10. Bd3 d6 11. O-O-O Bg4 12. f3 Bh5 13. Nd5 Nxe4 14. Bxd8
Nxd2 15. Bxc7 Nxb3+ 16. axb3 Nb4 17. Nxb6 axb6 18. Bxb6 Nxd3+ 19. cxd3 Re2 20.
Kb1 Rxg2 21. Rdg1 Rf2 22. Bxf2 Bxf3 23. Bd4 Bxh1 24. Rxh1 Re8 25. Rg1 g5 26. h4
Re6 27. hxg5 hxg5 28. Rxg5+ Rg6 29. Rh5 Kf8 30. Rb5 Rg4 31. Ba7 Rg3 32. Kc2 Rg2+
33. Kc3 f6 34. Rxb7 d5 35. Rd7 Rg5 36. Bd4 Rf5 37. b4 Ke8 38. Rd6 Ke7 39. Rxf6
Rxf6 40. Bxf6+ Kxf6 41. Kd4 Ke6 42. b5 Kd6 43. b6 Kc6 44. b7 Kxb7 45. Kxd5 Kb6
46. d4 Kc7 47. Ke6 Kd8 48. d5 Ke8 49. b4 Kd8 50. b5 Ke8 51. b6 Kd8 52. Kd6 Kc8
53. Ke7 Kb7 54. d6 Kxb6 55. d7 Kc5 56. d8=Q Kc4 57. Ke6 Kc5 58. Qd6+ Kc4 59. Ke5
Kb5 60. Kd5 Ka4 61. Kc4 Ka5 62. Qc5+ Ka6 63. Qb5+ Ka7 64. Kc5 Ka8 65. Kc6 Ka7
66. Qb7# {Black checkmated} 1-0

[Event "Team 45 45 League T71"]
[Site "Internet Chess Club"]
[Date "2016.12.16"]
[Round "2"]
[White "ilovepi"]
[Black "Aquaman"]
[Result "1-0"]
[WhiteElo "1223"]
[BlackElo "1298"]
[Opening "QP counter-gambit: Maroczy gambit"]
[ECO "C40"]
[Time "20:00:41"]
[TimeControl "2700+45"]

1. e4 e5 2. Nf3 d5 3. exd5 Bd6 4. Nc3 Nf6 5. Bc4 O-O 6. h3 e4 7. Nh2 Re8 8. Ng4
Nbd7 9. Nxf6+ Nxf6 10. O-O a6 11. a4 Be5 12. d4 exd3 13. Qxd3 Bd6 14. Bg5 h6 15.
Bh4 Be7 16. Rfe1 Qd6 17. Qf3 Bd7 18. Rab1 Qc5 19. Ba2 Qd6 20. b4 Nh7 21. Bg3 Qg6
22. Qe4 Qf6 23. Be5 Qg5 24. Qf4 Qg6 25. Qg3 Ng5 26. h4 Nh7 27. Qxg6 fxg6 28. d6+
Kf8 29. dxe7+ Rxe7 30. Bxc7 Rxe1+ 31. Rxe1 Nf6 32. Bd6# {Black checkmated} 1-0

[Event "Team 45 45 League T71"]
[Site "Internet Chess Club"]
[Date "2016.12.18"]
[Round "2"]
[White "justice02"]
[Black "andrew37"]
[Result "1-0"]
[WhiteElo "1713"]
[BlackElo "1689"]
[Opening "Bogo-Indian defense"]
[ECO "E11"]
[Time "16:00:26"]
[TimeControl "2700+45"]

1. Nf3 Nf6 2. c4 e6 3. d4 Bb4+ 4. Bd2 Bxd2+ 5. Nbxd2 d5 6. e3 O-O 7. c5 b6 8.
Rc1 bxc5 9. Rxc5 Nbd7 10. Rc3 Bb7 11. Qc2 Qe7 12. Rxc7 Rac8 13. Be2 Rxc7 14.
Qxc7 Qb4 15. Qc2 Rc8 16. Qb1 Ne4 17. a3 Qa5 18. b4 Qxa3 19. O-O Nc3 20. Qd3 Ba6
21. Qxa6 Nxe2+ 22. Qxe2 Qxb4 23. Rb1 Qa3 24. Qd1 h6 25. g3 Rc7 26. Kg2 g6 27. h4
Kg7 28. Ne1 Nf6 29. Ra1 Qc3 30. Nb3 Ne4 31. Nd3 Rb7 32. Nbc5 Nxc5 33. Nxc5 Rc7
34. Ra6 Qc4 35. Qa1 e5 36. Rxa7 Rxa7 37. Qxa7 e4 38. Qe7 Qe2 39. Ne6+ Kg8 40.
Qf8+ {Black resigns} 1-0

[Event "Team 45 45 League T71"]
[Site "Internet Chess Club"]
[Date "2016.12.18"]
[Round "2"]
[White "VictorRed"]
[Black "zepled37"]
[Result "1/2-1/2"]
[WhiteElo "1679"]
[BlackElo "1678"]
[Opening "Grünfeld: Stockholm variation"]
[ECO "D80"]
[Time "19:03:49"]
[TimeControl "2700+45"]

1. c4 Nf6 2. d4 g6 3. Nc3 d5 4. Bg5 Ne4 5. Nxe4 dxe4 6. e3 Bg7 7. Ne2 c5 8. Qd2
Nc6 9. d5 Ne5 10. Nc3 f5 11. O-O-O Nf7 12. Bf4 a6 13. d6 exd6 14. Bxd6 Qxd6 15.
Qxd6 Nxd6 16. Rxd6 Bxc3 17. bxc3 Ke7 18. Rd5 b6 19. Be2 Be6 20. Rd2 Rhd8 {Game
drawn by mutual agreement} 1/2-1/2

[Event "Team 45 45 League T71"]
[Site "Internet Chess Club"]
[Date "2016.12.16"]
[Round "2"]
[White "Grenadier"]
[Black "Innes"]
[Result "0-1"]
[WhiteElo "1600"]
[BlackElo "1587"]
[Opening "Bishop's opening: Berlin defense"]
[ECO "C24"]
[Time "17:00:19"]
[TimeControl "2700+45"]

1. e4 e5 2. Bc4 Nf6 3. d3 Bc5 4. Nc3 c6 5. Bg5 d6 6. f4 h6 7. Bxf6 Qxf6 8. f5 g6
9. Qf3 gxf5 10. O-O-O Rg8 11. Nge2 f4 12. h3 b5 13. Bb3 a5 14. a3 b4 15. Na4
Be3+ 16. Kb1 Be6 17. Nb6 Bxb6 18. g3 a4 19. Bc4 d5 20. exd5 cxd5 21. Bb5+ Nd7
22. axb4 a3 23. bxa3 Rxa3 24. gxf4 e4 {White resigns} 0-1

[Event "Team 45 45 League T71"]
[Site "Internet Chess Club"]
[Date "2016.12.17"]
[Round "2"]
[White "armand068new"]
[Black "GoIrish"]
[Result "0-1"]
[WhiteElo "1532"]
[BlackElo "1518"]
[Opening "King's Indian defense, 3.Nc3"]
[ECO "E61"]
[Time "13:00:18"]
[TimeControl "2700+45"]

1. d4 Nf6 2. c4 g6 3. Nc3 Bg7 4. e3 O-O 5. Nf3 d6 6. Bd3 Nbd7 7. Bd2 c5 8. d5
Nb6 9. Qc2 Bd7 10. h3 e6 11. e4 exd5 12. exd5 Re8+ 13. Be3 Qc8 14. O-O-O a5 15.
g4 Nxg4 16. hxg4 Bxg4 17. Be2 Nxc4 18. Bxc4 Bxf3 19. Nb5 Bxd1 20. Qxd1 Qd7 21.
Qd2 Re4 22. Na3 Qg4 23. Be2 Qg2 24. Rd1 Rb4 25. Nc4 b5 26. Nxd6 Bxb2+ 27. Qxb2
Rxb2 28. Kxb2 b4 29. Bxc5 Rd8 30. Bc4 Qf3 31. Rd3 Qf6+ 32. Kb3 Rxd6 33. Bxd6
Qxd6 34. Re3 Kg7 35. Ka4 Qf4 36. Kxa5 Qxc4 {White resigns} 0-1